 Dungeon Crawl Stone Soup version 0.28.0 (webtiles) character file.

Game seed: 7952223162397056299

11311 BeingJoeMalik the Impaler (level 11, 0/89 HPs)
             Began as a Black Draconian Fighter on Feb 14, 2022.
             Was a High Priest of Okawaru.
             Slain by a six-headed hydra (12 damage)
             ... on level 1 of the Lair of Beasts on Feb 15, 2022.
             The game lasted 00:41:55 (14189 turns).

BeingJoeMalik the Impaler (DrFi)                   Turns: 14189, Time: 00:41:55

Health: 0/89       AC: 15    Str: 23    XL:     11   Next: 47%
Magic:  11/11      EV: 13    Int: 16    God:    Okawaru [*****.]
Gold:   170        SH: 12    Dex: 15    Spells: 10/10 levels left

rFire   . . .      SeeInvis .   a - +1 trident (protect)
rCold   . . .      Faith    .   b - +1 buckler
rNeg    . . .      Spirit   .   (armour unavailable)
rPois   .          Reflect  +   (helmet restricted)
rElec   +          Harm     .   l - scarf {shadows}
rCorr   .          Rampage  .   k - +0 pair of gloves
Will    .....                   (no boots)
Stlth   ++........              B - amulet of reflection
HPRegen 0.24/turn               g - ring "Olata" {Str+4 Int+6}
MPRegen 0.12/turn               v - ring of flight

@: short of breath, under a protective aura, flying
A: breathe lightning, AC +7, unfitting armour, electricity resistance,
cold-blooded, clever 1, sense surroundings 1
a: Breathe Lightning, Renounce Religion, Heroism, Finesse, Duel


You were on level 1 of the Lair of Beasts.
You worshipped Okawaru.
Okawaru was extremely pleased with you.
You visited 3 branches of the dungeon, and saw 13 of its levels.
You also visited: Ossuary.

You collected 570 gold pieces.
You spent 400 gold pieces at shops.

Inventory:

Hand Weapons
 a - a +1 trident of protection (weapon)
Missiles
 c - a throwing net (quivered)
 e - 10 javelins
 C - 29 poisoned darts
 E - 5 atropa-tipped darts
Armour
 b - a +1 buckler (worn)
 d - a +0 cloak
 k - a +0 pair of gloves (worn)
 l - a scarf of shadows (worn)
Magical Staves
 A - a staff of air
Jewellery
 g - the ring "Olata" (left hand) {Str+4 Int+6}
   (You acquired it on level 8 of the Dungeon)

   [ring of intelligence]

   Str:       It affects your strength (+4).
   Int:       It affects your intelligence (+6).
 q - a ring of fire
 v - a ring of flight (right hand)
 B - an amulet of reflection (around neck)
Wands
 f - a wand of flame (40)
 i - a wand of polymorph (3)
 s - a wand of iceblast (13)
 x - a wand of mindburst (13)
Scrolls
 h - 2 scrolls of fog
 j - 7 scrolls of identify
 n - a scroll of enchant armour
 o - 5 scrolls of teleportation
 p - a scroll of torment
 r - 3 scrolls of magic mapping
 y - 2 scrolls of amnesia
Potions
 m - 4 potions of flight
 t - 3 potions of lignification
 w - a potion of mutation
 z - 3 potions of curing
 D - a potion of brilliance {unknown}


   Skills:
 + Level 6.0 Fighting
 - Level 15.0 Polearms
 - Level 3.1 Throwing
 + Level 4.7 Dodging
 + Level 2.0 Stealth
 + Level 7.8 Shields


You had 10 spell levels left.
You didn't know any spells.
Your spell library contained the following spells:

 Spells                   Type           Power      Damage    Failure   Level
 Magic Dart               Conj           0%         1d3       30%         1
 Blink                    Tloc           0%         N/A       43%         2
 Corpse Rot               Necr/Air       0%         N/A       43%         2
 Poisonous Vapours        Pois/Air       0%         N/A       43%         2
 Scorch                   Fire           0%         2d5       43%         2
 Conjure Flame            Conj/Fire      0%         6-21      67%         3
 Ignite Poison            Fire/Tmut/Pois 0%         N/A       67%         3
 Lesser Beckoning         Tloc           0%         N/A       67%         3
 Mephitic Cloud           Conj/Pois/Air  0%         N/A       67%         3
 Flame Wave               Conj/Fire      0%         2d4       97%         4
 Sticky Flame             Conj/Fire      0%         2d3       97%         4
 Freezing Cloud           Conj/Ice/Air   0%         6-21      100%        5
 Manifold Assault         Tloc           0%         N/A       100%        5
 Call Imp                 Summ           Unusable   N/A       N/A         2
 Summon Cactus Giant      Summ           Unusable   N/A       N/A         6

Dungeon Overview and Level Annotations

Branches:
Dungeon (11/15)            Temple (1/1) D:7            Lair (1/6) D:10
Ossuary (visited)
    Orc: D:9-12

Altars:
Ashenzari
Cheibriados
Dithmenos
Elyvilon
Fedhas
Gozag
Hepliaklqana
Kikubaaqudgha
Makhleb
Nemelex Xobeh
Okawaru
Qazlal
Ru
Sif Muna
Trog
Uskayaw
Vehumet
Wu Jian
Xom
Yredelemnul
Zin
The Shining One
Lugonu

Shops:
D:1 (   D:2 ?   D:3 [*!:

Portals:
Abyss: D:3

Annotations:
D:10 1 runed translucent door, boopmooplesden's ghost, journeyman MiFi


Innate Abilities, Weirdness & Mutations

You can breathe wild blasts of lightning.
Your glossy black scales are hard. (AC +7)
You cannot fit into any form of body armour.
You are resistant to electric shocks. (rElec)
You are cold-blooded and may be slowed by cold attacks.
Your mind is acute. (Int +2)
You passively map a small area around you.


Message History

The six-headed hydra is almost dead.
The six-headed hydra bites you.
* * * LOW HITPOINT WARNING * * *
The six-headed hydra bites you!
* * * LOW HITPOINT WARNING * * *
You block the six-headed hydra's attack. x2
The six-headed hydra barely misses you.
The six-headed hydra bites you but does no damage.
Unknown command.
You barely miss the six-headed hydra.
The six-headed hydra is almost dead.
Unknown command.
Okay, then.
Unknown command.
You puncture the six-headed hydra!
The six-headed hydra is almost dead.
The blink frog blinks!
The six-headed hydra barely misses you.
You block the six-headed hydra's attack.
The six-headed hydra closely misses you.
You block the six-headed hydra's attack.
The six-headed hydra barely misses you. The six-headed hydra bites you.
* * * LOW HITPOINT WARNING * * *
Unknown command.
You barely miss the six-headed hydra.
The six-headed hydra is almost dead.
Unknown command.
You feel much better.
The six-headed hydra closely misses you.
The six-headed hydra bites you!
* * * LOW HITPOINT WARNING * * *
The six-headed hydra bites you!
* * * LOW HITPOINT WARNING * * *
You block the six-headed hydra's attack.
The six-headed hydra closely misses you.
You block the six-headed hydra's attack.
Unknown command.
You hit the six-headed hydra.
The six-headed hydra is almost dead.
The six-headed hydra bites you!
You die...

, , , , ,, , ,
.............,
......(......,
,
,......(......
,......(......
.............
,
......D......
,
.....†@†..F.$
, ,*
###.#........
* * #......^.
#........ ,,
#........ , *
*.......§. * *
* #........,
,, , , ,, , ,


You could see a six-headed hydra (poisoned) and a blink frog.

Vanquished Creatures
  Pikel (D:7)
  An unseen horror (D:10)
  A komodo dragon (D:10)
  2 trolls
  Prince Ribbit (D:8)
  4 blink frogs
  A meliai zombie (D:10)
  4 wyverns
  A wraith (D:9)
  19 yaks
  2 steam dragons
  Menkaure (D:5)
  2 water moccasins
  2 ice beasts
  2 orc warriors
  A sky beast (D:7)
  A necrophage (D:7)
  2 black bears
  2 ogres (D:5)
  4 wolves (D:10)
  4 centaurs
  3 phantoms
  3 kobold brigands
  3 bullfrogs
  4 elf zombies (Ossuary)
  A water moccasin zombie (D:3)
  4 scorpions
  A wyvern zombie (D:8)
  A wyvern skeleton (D:7)
  3 wights (D:8)
  A howler monkey (D:9)
  3 electric eels (D:10)
  4 centaur zombies
  A human zombie (Ossuary)
  11 hounds
  A bullfrog skeleton (D:5)
  5 orc priests
  2 jellies
  4 iguanas
  2 scorpion zombies
  6 orc wizards
  A killer bee zombie (D:6)
  A hound zombie (Ossuary)
  A hound skeleton (D:4)
  4 mummies
  A howler monkey zombie (D:9)
  3 gnolls
  2 howler monkey skeletons
  10 adders
  A shadow imp (D:6)
  2 white imps
  3 ufetubi
  7 adder zombies
  2 worms
  4 dart slugs
  33 orcs
  10 ball pythons
  5 bats
  5 endoplasms
  2 giant cockroaches
  4 gnoll zombies (Ossuary)
  3 goblins
  4 hobgoblins
  9 jackals
  5 quokkas
  2 frilled lizards
  3 goblin zombies (Ossuary)
  3 hobgoblin zombies
  4 jackal zombies (Ossuary)
  23 kobolds
  2 kobold zombies (Ossuary)
  An orc zombie (D:4)
  4 quokka zombies (Ossuary)
  5 rats
  3 rat zombies (Ossuary)
293 creatures vanquished.

Vanquished Creatures (others)
  2 gnolls (D:7)
  A lurking horror (D:3)
  8 plants
11 creatures vanquished.

Grand Total: 304 creatures vanquished

Notes
Turn   | Place    | Note
-------+----------+-------------------------------------------
     0 | D:1      | BeingJoeMalik the Draconian Fighter began the quest for the
                  | Orb.
     0 | D:1      | Reached XP level 1. HP: 19/19 MP: 1/1
   186 | D:1      | Found Ficiuboa's Weapon Emporium.
   275 | D:1      | Reached XP level 2. HP: 26/26 MP: 2/2
   662 | D:2      | Found Ycsughoc's Magic Scroll Shop.
   715 | D:2      | Reached skill level 3 in Polearms
   992 | D:2      | Noticed a scorpion
   997 | D:2      | Killed a scorpion
   998 | D:2      | Reached skill level 4 in Polearms
   998 | D:2      | Reached XP level 3. HP: 5/31 MP: 3/3
   998 | D:2      | Reached XP level 4. HP: 6/38 MP: 4/4
  1503 | D:2      | Reached skill level 5 in Polearms
  1806 | D:4      | Reached XP level 5. HP: 45/45 MP: 5/5
  1899 | D:4      | Noticed an orc warrior
  1926 | D:4      | Found a sand-covered staircase.
  1937 | Ossuary  | Entered an ossuary
  2058 | Ossuary  | Reached skill level 6 in Polearms
  2093 | Ossuary  | Reached XP level 6. HP: 46/51 MP: 6/6
  2322 | Ossuary  | Reached skill level 7 in Polearms
  2631 | Ossuary  | Your scales start taking on a glossy black colour.
  2631 | Ossuary  | Reached XP level 7. HP: 44/57 MP: 7/7
  2631 | Ossuary  | Gained mutation: You are resistant to electric shocks.
                  | (rElec) [Black Draconian growth]
  2642 | Ossuary  | Reached skill level 8 in Polearms
  3295 | D:4      | Found a shimmering altar of Xom.
  3569 | D:3      | Reached skill level 9 in Polearms
  3646 | D:3      | Found a basalt altar of Yredelemnul.
  3782 | D:3      | Found Attiej's Assorted Antiques.
  3793 | D:3      | Bought a scroll labelled XAR LYAPLEF for 31 gold pieces
  3793 | D:3      | Bought a sapphire potion for 27 gold pieces
  3793 | D:3      | Bought 2 scrolls labelled XAR LYAPLEF for 62 gold pieces
  3801 | D:3      | Found Naniyfuh's Distillery.
  3809 | D:3      | Found Wieplium's Book Shop.
  3934 | D:3      | Found a white marble altar of Elyvilon.
  4156 | D:3      | Found Xepuesei's Armour Shoppe.
  4334 | D:3      | Found a corrupted altar of Lugonu.
  4334 | D:3      | Found a one-way gate to the infinite horrors of the Abyss.
  4705 | D:4      | Reached XP level 8. HP: 62/63 MP: 8/8
  5105 | D:5      | Entered Level 5 of the Dungeon
  5161 | D:5      | Reached skill level 10 in Polearms
  5307 | D:5      | Noticed Menkaure
  6010 | D:5      | Killed Menkaure
  6011 | D:5      | Reached skill level 11 in Polearms
  6057 | D:5      | Gained mutation: You passively map a small area around you.
                  | [potion of mutation]
  6057 | D:5      | Gained mutation: Your mind is acute. (Int +2) [potion of
                  | mutation]
  6596 | D:5      | Reached XP level 9. HP: 63/70 MP: 9/9
  7331 | D:6      | Found a sparkling altar of Nemelex Xobeh.
  7331 | D:6      | Found a stormy altar of Qazlal.
  7332 | D:6      | Found an iron altar of Okawaru.
  7338 | D:6      | Found a burning altar of Makhleb.
  7338 | D:6      | Found a glowing golden altar of the Shining One.
  7345 | D:6      | Became a worshipper of Warmaster Okawaru
  7363 | D:6      | Reached skill level 12 in Polearms
  7630 | D:6      | Found a hazy altar of Hepliaklqana.
  8210 | D:6      | Found a bloodstained altar of Trog.
  8347 | D:7      | Reached skill level 5 in Shields
  8459 | D:7      | Noticed Pikel
  8466 | D:7      | Killed Pikel
  8466 | D:7      | Reached * piety under Okawaru
  8467 | D:7      | Reached skill level 13 in Polearms
  9273 | D:7      | Found a staircase to the Ecumenical Temple.
  9281 | Temple   | Entered the Ecumenical Temple
  9702 | D:7      | Reached XP level 10. HP: 76/77 MP: 10/10
  9838 | D:8      | Identified a scroll of acquirement
  9838 | D:8      | Acquired the ring "Olata" {Str+4 Int+6}
  9964 | D:2      | Bought a scroll of brand weapon for 280 gold pieces
 10195 | D:8      | Noticed Prince Ribbit
 10203 | D:8      | Killed Prince Ribbit
 10340 | D:8      | Reached ** piety under Okawaru
 10357 | D:8      | Reached skill level 14 in Polearms
 10379 | D:8      | Identified the +0 robe of the Komodo Dragon {MP+9 Str+2}
 10707 | D:8      | Found a snail-covered altar of Cheibriados.
 11314 | D:9      | Reached *** piety under Okawaru
 11602 | D:9      | Reached skill level 15 in Polearms
 11642 | D:9      | Reached skill level 1 in Throwing
 12059 | D:10     | Entered Level 10 of the Dungeon
 12117 | D:10     | Reached **** piety under Okawaru
 12118 | D:10     | Reached skill level 1 in Stealth
 12166 | D:10     | Found a runed translucent door.
 12166 | D:10     | Found a shimmering altar of Xom.
 12166 | D:10     | Noticed boopmooplesden's ghost (journeyman MiFi)
 12167 | D:10     | Noticed a +1 morningstar of chaos
 12393 | D:10     | Reached XP level 11. HP: 65/85 MP: 11/11
 12898 | D:10     | Found a staircase to the Lair.
 13074 | D:10     | Reached skill level 5 in Fighting
 13529 | D:10     | Reached ***** piety under Okawaru
 13779 | Lair:1   | Entered Level 1 of the Lair of Beasts
 13784 | Lair:1   | Received a gift from Okawaru
 14168 | Lair:1   | Noticed a six-headed hydra
 14189 | Lair:1   | Slain by a six-headed hydra

Illustrated notes

Levels and vault maps discovered:
D:1:      lordsloth_arrival_two_stooges, layout_basic, serial_shops,
          nicolae_shop_bloodbath_and_beyond
D:2:      minmay_chambers_of_twos, layout_loops_ring, serial_shops,
          nicolae_shop_trees
D:3:      layout_loops_corners, lemuel_zombie_altar_yredelemnul,
          marbit_many_paths, serial_shops, nicolae_shop_hallway_plus,
          shop_statue, shop, shop, amcnicky_altar_lugonu_corruption
D:4:      layout_rooms, lemuel_coloured_pillars_altar,
          nicolae_ossuary_entry_giza, nicolae_concentric_dashed_squares_mild,
          minmay_fractal_squares_5
D:5:      layout_loops_ring, hangedman_decor_diamond_cutter,
          kennysheep_small_square, uniq_menkaure
D:6:      layout_rooms, mainiacjoe_overflow_chevrons,
          minmay_overflow_temple_hex, cheibrodos_sewer_entry_bend,
          item_on_display_a
D:7:      layout_gridville, minmay_temple_entry_stoned_glass, uniq_pikel
D:8:      layout_rooms, kennysheep_slug_shrine, kennysheep_just_a_vault,
          uniq_prince_ribbit1
D:9:      layout_rooms
D:10:     layout_basic, erik_lair_island, serial_curves, eino_curves_01,
          eino_curves_02, eino_curves_02, eino_curves_01, ebering_ghost_xom
D:11:     layout_basic, serial_shops, shop, shop_fountains, shop, shop,
          minmay_misc_feat_x
Temple:   minmay_temple_curvy_loop
Lair:1:   layout_long_grid, hangedman_lair_unloving_vines

Skill      XL: |  1  2  3  4  5  6  7  8  9 10 11 |
---------------+----------------------------------+-----
Polearms       | 4 5 6 7 9 11 13 15 | 15.0
Shields        | 4 5 6 7 |  7.8
Throwing       | 2 3 |  3.1
Dodging        | 3 4 |  4.7
Fighting       | 4 6 |  6.0
Stealth        | 1 2 |  2.0

Action                   |  1- 3 |  4- 6 |  7- 9 | 10-12 || total
-------------------------+-------+-------+-------+-------++-------
Melee: Trident           |    74 |   284 |   567 |   474 ||  1399
       Tailslap          |     4 |    40 |    82 |    68 ||   194
       Unarmed           |       |       |     8 |       ||     8
Throw: Javelin           |       |       |       |     3 ||     3
       Dart              |       |       |       |     4 ||     4
 Abil: Breathe Lightning |       |       |    15 |    10 ||    25
  Use: Potion            |     1 |     1 |     7 |     1 ||    10
       Scroll            |       |     6 |     7 |     4 ||    17
 Stab: Sleeping          |     1 |     2 |       |     2 ||     5
       Distracted        |       |       |     2 |       ||     2
Armor: Skin              |    24 |    72 |   105 |   114 ||   315
Dodge: Dodged            |    33 |   117 |   190 |   147 ||   487
Block: Buckler           |     8 |    43 |    87 |   127 ||   265
